 Dungeon Crawl Stone Soup version 0.31.0-32-g396128a36d (webtiles) character file.

Game seed: 3993962632609071886

18477 Alphaeus the Grappler (level 12, -15/142 HPs)
             Began as a Troll Shapeshifter on Mar 20, 2024.
             Was an Elder of Qazlal.
             Demolished by a komodo dragon (19 damage)
             ... on level 9 of the Dungeon.
             The game lasted 00:21:52 (10469 turns).

Alphaeus the Grappler (Troll Shapeshifter)         Turns: 10469, Time: 00:21:52

Health: -15/142    AC: 10    Str: 30    XL:     12   Next: 28%
Magic:  11/11      EV:  9    Int: 10    God:    Qazlal [****..]
Gold:   466        SH: 10    Dex:  9    Spells: 11/11 levels left

rFire   . .          .
                       - Unarmed
rCold   . . .        (shield currently unavailable)
rNeg    . . .        a - melded +1 animal skin
rPois   +            (helmet currently unavailable)
rElec   .            (cloak currently unavailable)
rCorr   .            (gloves unavailable)
SInv    .            (boots unavailable)
Will    .....        v - amulet of reflection
Stlth   +            (no ring)
HPRegen 1.23/turn    (no ring)
MPRegen 0.12/turn

%: repel missiles, reflection
@: snake-form
A: constrict, boosted hp, large, unfitting armour, (claws 3), regeneration 1,
(shaggy fur 1), (tough skin 1)
a: Begin Untransformation, Renounce Religion, Upheaval, Elemental Force


You were on level 9 of the Dungeon.
You worshipped Qazlal.
Qazlal was greatly pleased with you.
You were an enormous serpent.
You visited 2 branches of the dungeon, and saw 13 of its levels.

You collected 906 gold pieces.
You spent 440 gold pieces at shops.

Inventory:

Missiles
 y - a throwing net (quivered)
Armour
 a - a +1 animal skin (melded)
 C - +0 acid dragon scales
 D - a +3 troll leather armour {Snorg}
Jewellery
 n - an amulet of guardian spirit
 v - an amulet of reflection (around neck)
 x - a ring of resist corrosion
 A - an amulet of the acrobat
 E - a ring of ice
 H - a +6 ring of intelligence
Talismans
 c - a beast talisman
 d - a flux talisman
 e - a serpent talisman (active)
Wands
 f - a wand of flame (20)
 g - a wand of digging (5)
 o - a wand of charming (8)
 q - a wand of quicksilver (5)
Scrolls
 b - a scroll of revelation
 i - a scroll of identify
 r - a scroll of immolation {unknown}
 s - 3 scrolls of teleportation
 w - 3 scrolls of vulnerability
 z - a scroll of torment {unknown}
 B - 2 scrolls of enchant weapon {unknown}
 F - a scroll of fear {unknown}
Potions
 h - a potion of magic {unknown}
 j - 2 potions of mutation
 k - 2 potions of haste
 l - a potion of invisibility
 m - 2 potions of brilliance {unknown}
 p - a potion of ambrosia {unknown}
 t - 2 potions of degeneration {unknown}
 u - 3 potions of enlightenment
 G - a potion of lignification
 I - a potion of berserk rage {unknown}
 J - a potion of cancellation {unknown}


   Skills:
 + Level 7.7 Fighting
 - Level 1.5 Dodging
 * Level 13.3 Unarmed Combat
 * Level 12.3 Shapeshifting


You had 11 spell levels left.
You didn't know any spells.
Your spell library contained the following spells:

 Spells                   Type           Power      Damage    Failure   Level
 Apportation              Tloc           0%         N/A       36%         1
 Necrotise                Necr           0%         1d4       36%         1
 Sandblast                Erth           0%         2d4       36%         1
 Sting                    Conj/Alch      0%         1d3       36%         1
 Summon Small Mammal      Summ           0%         N/A       36%         1
 Cigotuvi's Dreadful Rot  Necr/Alch/Air  0%         N/A       50%         2
 Static Discharge         Conj/Air       0%         3-3/arc   50%         2
 Passwall                 Erth           0%         N/A       75%         3
 Stone Arrow              Conj/Erth      0%         3d7       75%         3
 Airstrike                Air            0%         2d(0-16)  98%         4
 Animate Armour           Summ/Erth      0%         N/A       98%         4
 Brom's Barrelling Bould  Conj/Erth      0%         2d3       98%         4
 Dispel Undead            Necr           0%         3d6       98%         4
 Martyr's Knell           Necr/Summ      0%         N/A       98%         4
 Summon Lightning Spire   Summ/Air       0%         N/A       98%         4
 Lee's Rapid Deconstruct  Erth           0%         3d4*      100%        5
 Death Channel            Necr           0%         N/A       100%        6
 Lehudib's Crystal Spear  Conj/Erth      0%         10d2      100%        8


Dungeon Overview and Level Annotations

Branches:
Dungeon (12/15)            Temple (0/1) D:7            Lair (1/5) D:9
    Orc (0/2) D:12

Altars:
Ashenzari
Hepliaklqana
Makhleb
Qazlal
Sif Muna
Xom

Shops:
D:1 ?   D:2 **[[=   D:4 !   D:6 !   D:8 *   D:9 *

Annotations:
D:9 2 transporters, exclusion: ice statue, seawaffle's ghost, journeyman MiFi
D:12 1 runed translucent door, tizbic2's ghost, novice DsGl


Innate Abilities, Weirdness & Mutations

You are an enormous serpent.
You have a powerful constriction melee attack.
Your maximum health is increased.
Your armour is entirely melded.
You are incapable of wielding weapons or throwing items.
You are too large for most types of armour.
((You have claws for hands.))
Your natural rate of healing is unusually fast.
((You are covered in fur. (AC +1)))
((You have tough skin. (AC +1)))


Message History

You are too injured to fight recklessly!
You are too injured to fight recklessly!
You are too injured to fight recklessly!
You are too injured to fight recklessly!
You are too injured to fight recklessly!
You hit the boulder beetle.
The boulder beetle is lightly wounded.
You constrict the boulder beetle. The komodo dragon bites you!!
The boulder beetle closely misses you.
You hit the boulder beetle but do no damage.
The boulder beetle is lightly wounded.
You constrict the boulder beetle.
You hear a croak.
The komodo dragon bites you!
* * * LOW HITPOINT WARNING * * *
You hit the boulder beetle but do no damage.
The boulder beetle is lightly wounded.
You constrict the boulder beetle, but do no damage.
The boulder beetle bites you!
* * * LOW HITPOINT WARNING * * *
You block the komodo dragon's attack.
You body-slam the boulder beetle!!
The boulder beetle is heavily wounded.
You constrict the boulder beetle, but do no damage.
The boulder beetle bites you!
* * * LOW HITPOINT WARNING * * *
You release your grip on the boulder beetle.
There is a staircase back to the Dungeon here.
The komodo dragon is engulfed in freezing vapours.
The komodo dragon seems to slow down.
The komodo dragon bites you!!
* * * LOW HITPOINT WARNING * * *
You climb upwards.
Welcome back to the Dungeon!
Level annotation: 2 transporters, exclusion: ice statue, seawaffle's ghost, journeyman MiFi
There is a staircase to the Lair here.
Okay, then.
Okay, then.
You hit the komodo dragon. Your grab misses the komodo dragon.
The komodo dragon is moderately wounded.
The komodo dragon bites you!!
You die...

##.#.# ###..#.########.# #.#.##
#.#.###.........##
.#..######........###....## ##
##...#[(........### ####..#### #.
...........#.##### ###...###.
.........##.####.# ####...#
........####....## ####.
#.#..#.## ####l## ## ####.###
#.S# ### ############### ###
#...#.........# #.#
###########...####..### #.#####
#^.......#...## ##.#####.#..####
#.######...#.# #..........#O..
#.#.# ##.##.# #..........#O.#
#.#.# ##.##.## ##..........#.#.
#.#.####..##..####...........#.#.


You could see a komodo dragon (slow).

Vanquished Creatures
  Snorg (D:10)
  Fannar (D:11)
  A boulder beetle (D:11)
  2 two-headed ogres
  The ghost of Consumeair16 the Shield-Bearer, a novice GnFi of Trog (D:6)
  2 ugly things
  2 manticores
  3 cyclopes
  Joseph (D:10)
  A gargoyle (D:12)
  A cane toad (Lair:1)
  A kobold demonologist (D:12)
  A komodo dragon (D:9)
  A troll (D:12)
  Grinder (D:3)
  7 slime creatures (D:12)
  2 centaur simulacra (D:10)
  4 wyverns
  19 yaks
  3 vampires
  2 wraiths
  Eustachio (D:4)
  A basilisk (D:9)
  2 steam dragons
  3 water moccasins
  2 acid dragons (D:10)
  4 orc warriors
  4 ice beasts (D:10)
  2 ogres
  2 wolves (D:10)
  5 centaurs
  2 phantoms
  6 kobold brigands
  A gnoll sergeant (D:8)
  2 bullfrogs
  A wight (D:6)
  5 killer bees (D:11)
  A howler monkey (D:6)
  4 crimson imps (D:10)
  3 bombardier beetles
  A gnoll bouda (D:9)
  4 hounds
  4 orc priests
  2 iguanas
  Natasha (D:3)
  A sleepcap (D:8)
  6 orc wizards
  10 gnolls
  4 adders
  A shadow imp (D:6)
  9 white imps
  A howler monkey simulacrum (D:10)
  2 ufetubi (D:10)
  3 dart slugs
  25 orcs
  10 endoplasms
  4 giant cockroaches
  11 goblins
  6 hobgoblins
  7 jackals
  6 quokkas
  9 ball pythons
  6 bats
  21 kobolds
  A rat (D:2)
263 creatures vanquished.

Notes
Turn   | Place    | Note
-------+----------+-------------------------------------------
     0 | D:1      | Alphaeus the Troll Shapeshifter began the quest for the
                  | Orb.
     0 | D:1      | Reached XP level 1. HP: 18/18 MP: 0/0
    85 | D:1      | Found a faded altar of an unknown god.
   106 | D:1      | Reached skill level 1 in Fighting
   107 | D:1      | Reached XP level 2. HP: 27/27 MP: 1/1
   263 | D:1      | Found The Oracle's Delphic Readings.
   478 | D:1      | Reached XP level 3. HP: 33/33 MP: 2/2
   832 | D:2      | Found Fal Xeot's Armour Emporium.
   840 | D:2      | Found Etoepn's Jewellery Boutique.
   890 | D:2      | Found Yttoinuapt's Assorted Antiques.
   990 | D:2      | Found Egeovaju's Assorted Antiques.
  1040 | D:2      | Found Isidoang's Antique Armour Shop.
  1063 | D:2      | Identified the beast talisman of Qullifuw {Int+2}
  1512 | D:3      | You fall into a shaft and drop 2 floors!
  1512 | D:5      | Entered Level 5 of the Dungeon
  1563 | D:4      | Reached skill level 4 in Unarmed Combat
  1563 | D:4      | Reached XP level 4. HP: 41/41 MP: 3/3
  1658 | D:3      | Noticed Grinder
  1662 | D:3      | Paralysed by Grinder for 3 turns
  1668 | D:3      | Killed Grinder
  1669 | D:3      | Reached skill level 5 in Unarmed Combat
  1669 | D:3      | Reached XP level 5. HP: 30/49 MP: 4/4
  1669 | D:3      | Reached XP level 6. HP: 35/57 MP: 5/5
  2242 | D:3      | Noticed Natasha
  2248 | D:3      | Killed Natasha
  2565 | D:4      | Noticed Eustachio
  2584 | D:4      | Killed Eustachio
  2585 | D:4      | Reached skill level 5 in Shapeshifting
  2585 | D:4      | Reached XP level 7. HP: 62/66 MP: 6/6
  2750 | D:4      | Found Doco's Distillery.
  2761 | D:4      | Found a hazy altar of Hepliaklqana.
  2782 | D:4      | Found a shimmering blue altar of Sif Muna.
  2785 | D:4      | Found a shimmering altar of Xom.
  2785 | D:4      | Found a stormy altar of Qazlal.
  2792 | D:4      | Found a burning altar of Makhleb.
  2795 | D:4      | Became a worshipper of Qazlal Stormbringer
  3294 | D:5      | Reached skill level 6 in Unarmed Combat
  3817 | D:5      | Reached XP level 8. HP: 52/75 MP: 7/7
  4326 | D:6      | Reached * piety under Qazlal
  4354 | D:6      | Found Dummac's Distillery.
  4368 | D:6      | Bought a potion of heal wounds for 50 gold pieces
  4545 | D:6      | Found a runed translucent gate.
  4546 | D:6      | Found a runed translucent gate.
  4547 | D:6      | Found a runed translucent gate.
  4549 | D:6      | Noticed Consumeair16's ghost (novice GnFi)
  4630 | D:6      | Reached skill level 7 in Unarmed Combat
  5130 | D:6      | Killed Consumeair16's ghost
  5131 | D:6      | Reached skill level 8 in Unarmed Combat
  5131 | D:6      | Reached XP level 9. HP: 20/85 MP: 8/8
  5329 | D:7      | Found a staircase to the Ecumenical Temple.
  5934 | D:8      | Reached ** piety under Qazlal
  5935 | D:8      | Reached skill level 9 in Unarmed Combat
  6068 | D:8      | Reached skill level 5 in Fighting
  6268 | D:8      | Found Suonys's General Store.
  6287 | D:8      | Bought an amulet of reflection for 390 gold pieces
  6342 | D:8      | Found the +9 sword of Power {lifebolt}
  6362 | D:8      | Reached XP level 10. HP: 96/96 MP: 9/9
  6607 | D:9      | Noticed an ice statue
  6639 | D:9      | Noticed a two-headed ogre
  6702 | D:9      | Killed a two-headed ogre
  6703 | D:9      | Reached skill level 10 in Unarmed Combat
  6722 | D:9      | Found a transporter.
  6726 | D:9      | Found a transporter.
  6727 | D:9      | Noticed seawaffle's ghost (journeyman MiFi)
  6727 | D:9      | Noticed a two-headed ogre
  6729 | D:9      | Identified the +5 great mace of Gougol {elec, Will+ Str+4}
  6729 | D:9      | Noticed a two-headed ogre
  6730 | D:9      | Noticed a two-headed ogre
  6822 | D:9      | Found Huuj's Overcharged Wands.
  6916 | D:9      | Found a staircase to the Lair.
  6938 | D:9      | Reached *** piety under Qazlal
  7298 | D:9      | Noticed a two-headed ogre
  7317 | D:10     | Entered Level 10 of the Dungeon
  7481 | D:10     | Found a broken altar of Ashenzari.
  7483 | D:10     | Noticed Joseph
  7498 | D:10     | Killed Joseph
  7499 | D:10     | Reached skill level 10 in Shapeshifting
  7638 | D:10     | Reached skill level 11 in Unarmed Combat
  7657 | D:10     | Reached XP level 11. HP: 62/106 MP: 10/10
  7866 | D:10     | Reached **** piety under Qazlal
  8164 | D:10     | Noticed Snorg
  8172 | D:10     | Killed Snorg
  8512 | D:11     | Noticed a boulder beetle
  8519 | D:11     | Killed a boulder beetle
  8679 | D:11     | Reached skill level 12 in Unarmed Combat
  8947 | D:11     | Noticed a green ugly thing
  8947 | D:11     | Noticed a two-headed ogre
  8952 | D:11     | Killed a green ugly thing
  8955 | D:11     | Killed a two-headed ogre
  9104 | D:11     | Noticed Fannar
  9115 | D:11     | Killed Fannar
  9534 | D:12     | Found a runed translucent door.
  9566 | D:12     | Noticed tizbic2's ghost (novice DsGl)
  9588 | D:12     | HP: 4/130 [gargoyle/stone arrow (17)]
  9760 | D:12     | Noticed a sun demon
  9766 | D:12     | Reached XP level 12. HP: 118/118 MP: 11/11
  9885 | D:12     | Found a staircase to the Orcish Mines.
  9907 | D:12     | Reached skill level 13 in Unarmed Combat
 10453 | Lair:1   | Entered Level 1 of the Lair of Beasts
 10453 | Lair:1   | Noticed a boulder beetle
 10467 | Lair:1   | HP: 1/142 [komodo dragon (20)]
 10469 | D:9      | Demolished by a komodo dragon

Illustrated notes

Levels and vault maps discovered:
D:1:      heliophobic_arrival_glass_houses, layout_basic,
          dreamdust_ecumenical_altar_grove, st_stairs_14, minivault_19,
          nicolae_nh_oracle_at_delphi
D:2:      layout_basic, serial_shops, shop_coins, nicolae_shop_rolling_square,
          nicolae_square_shop, nicolae_shop_waterfront, shop,
          minmay_statues_item
D:3:      layout_loops_corners, serial_bayou_pond_e, uniq_natasha, uniq_grinder
D:4:      layout_cave_pods, nicolae_overflow_hallway_of_the_gods, serial_shops,
          kennysheep_little_box, st_stairs_4, hangedman_decor_peaks_small,
          uniq_eustachio
D:5:      layout_basic
D:6:      layout_loops_ring, serial_shops, shop, ebering_ghost_rock_garden,
          minmay_puff
D:7:      layout_rooms, minmay_temple_entry_sparse_star, minmay_misc_feat_square
D:8:      layout_cave_pools, grunt_decor_junction, nicolae_stop_n_shop_2,
          minmay_misc_feat_plants
D:9:      lemuel_ice_statue, layout_rooms, erik_lair_dragon,
          gammafunk_ghost_smash, corner_web_ring, nicolae_shop_overcharged_wands
D:10:     layout_grid_maze, nicolae_ashenzari_skybound, serial_ice,
          serial_ice_b, serial_ice_o, serial_ice_d, serial_ice_a, serial_ice_m,
          serial_ice_k, serial_ice_f, minmay_fire_ice_demons, uniq_snorg,
          uniq_joseph
D:11:     layout_grid_maze, amethyst_killhole, uniq_fannar
D:12:     layout_roguey, orc_0_dummy, hellmonk_ghost_big_iron
Lair:1:   gammafunk_cloud_chamber, layout_loops_ring,
          grunt_forest_large_clearings, grunt_megastairs_5

Skill      XL: |  1  2  3  4  5  6  7  8  9 10 11 12 |
---------------+-------------------------------------+-----
Fighting       | 1 2 3 4 5 6 7 |  7.7
Unarmed Combat | 4 5 6 8 9 11 12 13 | 13.3
Shapeshifting  | 4 5 6 7 9 10 11 12 | 12.3
Dodging        | |  1.5

Action                     |  1- 3 |  4- 6 |  7- 9 | 10-12 || total
---------------------------+-------+-------+-------+-------++-------
  Melee: Unarmed           |   113 |    64 |   232 |   317 ||   726
         Punch             |     1 |       |     5 |       ||     6
         Constrict         |       |       |       |    42 ||    42
    Use: Potion            |       |       |     4 |     7 ||    11
         Scroll            |       |       |    10 |     4 ||    14
   Stab: Sleeping          |     1 |     1 |       |       ||     2
         Invisible         |       |       |       |     1 ||     1
 Armour: Animal skin       |    62 |    55 |    76 |       ||   193
         Skin              |       |       |    83 |   178 ||   261
  Dodge: Dodged            |    57 |    33 |   114 |   111 ||   315
         Repelled          |       |       |       |     2 ||     2
  Block: Other             |       |       |     8 |   115 ||   123
         Reflection        |       |       |       |    13 ||    13
   Form: Flux              |       |       |     1 |       ||     1
         Serpent           |       |       |       |     1 ||     1
